Map: Ascension vers Aïur EC

Players

zidar

  • Race: Zerg Zerg
  • League: Gold
  • Spawn Location: 11:00

Alexwizz - Winner!

  • Race: Zerg Zerg
  • Spawn Location: 5:00

VOD

Have the link to the VOD?

Description

Time

  • Played on: June 27, 2017, 2:35 p.m.
  • Length: 11:37
Show
View Real Time Build Order
Export as new Build Order

zidar Zerg 

Build Orders: Hatch First 

Get SALT Encoding   

  12  0:01  Drone  
  13  0:13  Overlord  
  13  0:17  Drone  
  14  0:31  Drone x2  
  16  0:50  Hatchery  
  16  0:55  Drone  
  16  1:09  Spawning Pool  
  15  1:12  Drone  
  15  1:16  Extractor  
  15  1:17  Drone  
  16  1:56  Zergling x6  
  19  2:05  Roach Warren  
  18  2:10  Zergling x4  
  20  2:16  Metabolic Boost  
  20  2:20  Zergling x4  
  22  2:34  Zergling x2  
  22  2:35  Zergling x2  
  24  2:43  Zergling x4  
  26  2:50  Zergling x2  
  27  2:53  Overlord  
  27  2:59  Zergling x2  
  28  3:15  Zergling x6  
  31  3:26  Queen, Baneling Nest  
  32  3:32  Queen  
  18  4:14  Roach x5  
  18  4:16  Roach  
  30  4:37  Roach  
  30  4:38  Roach  
  34  4:39  Roach  
  36  4:46  Evolution Chamber  
  32  5:26  Zergling x6  
  35  5:39  Drone  
  36  5:56  Pneumatized Carapace  
  36  6:10  Baneling x4  
  36  6:19  Overlord x2  
  36  6:38  Drone x3  
  36  6:39  Drone  
  40  6:49  Baneling x2  
  40  6:56  Drone x2  
  40  7:22  Drone x4  
  44  7:31  Overlord  
  44  7:32  Overlord  
  44  8:09  Extractor  
  43  8:23  Zergling x2  
  43  8:24  Zergling x32  
  59  9:13  Lair  
  59  9:16  Drone  
  60  9:18  Overlord x2  
  60  9:19  Overlord x2  
  60  9:29  Extractor  
  59  9:52  Baneling x3  
  49  10:45  Spire  
  48  10:50  Zergling x14  
  48  10:51  Zergling x14  
  48  10:52  Zergling x16  
  70  11:21  Drone x5  
  70  11:25  Extractor  
Show
View Real Time Build Order
Export as new Build Order

Alexwizz Zerg - Winner!

Build Orders: Pool First 

Get SALT Encoding   

  12  0:01  Drone  
  13  0:08  Drone  
  14  0:28  Spawning Pool  
  13  0:34  Extractor  
  12  0:35  Overlord  
  12  0:40  Drone  
  13  0:44  Drone  
  14  1:12  Hatchery  
  13  1:19  Drone x2  
  15  1:29  Queen  
  17  1:38  Drone  
  17  1:39  Drone  
  19  1:52  Zergling x2  
  20  1:54  Zergling x2  
  21  2:11  Drone  
  21  2:14  Metabolic Boost  
  22  2:22  Overlord  
  22  2:31  Drone x2  
  22  2:35  Queen  
  26  2:38  Queen  
  28  2:54  Roach Warren  
  28  2:57  Extractor  
  26  3:08  Zergling x10  
  31  3:32  Zergling x6  
  31  3:33  Zergling x4  
  35  3:47  Zergling x4  
  31  3:51  Queen  
  28  4:11  Zergling x10  
  33  4:23  Overlord x2  
  33  4:41  Queen  
  33  4:45  Drone x6  
  30  5:19  Drone x5  
  35  5:22  Roach x3  
  41  5:35  Roach  
  43  5:40  Overlord x3  
  43  5:56  Hatchery  
  42  6:13  Zergling x2  
  42  6:14  Zergling x12  
  42  6:16  Roach x2  
  53  6:30  Extractor  
  53  6:31  Drone x3  
  53  6:32  Extractor  
  54  6:49  Evolution Chamber  
  54  6:52  Drone x2  
  54  6:53  Evolution Chamber, Drone x3  
  57  6:56  Drone x3  
  57  6:59  Overlord  
  53  7:21  Drone x2  
  53  7:22  Drone x4  
  59  7:35  Zerg Melee Weapons Level 1  
  59  7:36  Zerg Ground Armor Level 1  
  59  7:43  Lair, Baneling Nest  
  58  7:47  Roach x5  
  58  7:50  Overlord  
  68  8:03  Roach  
  68  8:04  Roach x3  
  76  8:34  Drone x2  
  76  8:35  Drone x7  
  76  8:36  Drone  
  86  8:48  Roach  
  88  8:49  Zergling x2  
  88  8:52  Overlord  
  88  8:53  Overlord  
  89  9:16  Hydralisk Den  
  88  9:17  Baneling x2  
  88  9:18  Baneling x5  
  88  9:21  Roach  
  88  9:22  Roach x2, Zergling x6  
  97  9:41  Zerg Missile Weapons Level 1  
  97  9:42  Centrifical Hooks  
  97  9:50  Muscular Augments  
  97  9:51  Glial Reconstitution  
  97  9:53  Hydralisk x3  
  97  9:59  Overlord x2  
  101  10:11  Extractor  
  99  10:16  Extractor  
  92  10:32  Hydralisk x5  
  102  10:36  Drone x5  
  102  10:37  Drone x3  
  110  10:54  Hatchery  
  111  11:14  Ravager x2  
  111  11:15  Ravager x4  
  117  11:18  Zergling x2  
  117  11:19  Zergling x8  
Tags
 
Add a new tag
Caveats
  • Supply blocks, unpowered buildings, or Contaminate may cause inaccurate times.
  • Supply counts are checked every 10 seconds.